 Dungeon Crawl Stone Soup version 0.24.1-5-g77f818bfca (webtiles) character file.

Game seed: 6815549779900820776, levelgen mode: deterministic

107 Curus the Slasher (level 4, 0/39 HPs)
             Began as a Minotaur Monk on Apr 26, 2020.
             Slain by a gnoll
             ... wielding a +0 whip
              (7 damage)
             ... on level 3 of the Dungeon.
             The game lasted 00:08:23 (1548 turns).

Curus the Slasher (Minotaur Monk)                   Turns: 1548, Time: 00:08:24

Health: 0/39       AC:  5    Str: 15    XL:     4   Next: 56%
Magic:  3/3        EV: 12    Int:  7    God:
Gold:   98         SH:  0    Dex: 14    Spells: 3/3 levels left

rFire    + . .     SeeInvis .   a - +0 falchion
rCold    . . .     Gourm    .   (no shield)
rNeg     . . .     Faith    .   m - +0 ring mail (curse)
rPois    .         Spirit   .   (helmet restricted)
rElec    .         Reflect  .   (no cloak)
rCorr    .         Harm     .   (no gloves)
MR       +....                  (no boots)
Stlth    +.........             e - amulet of rage
HPRegen  0.13/turn              d - ring of protection from fire
MPRegen  0.08/turn              l - ring of protection from magic

@: no status effects
A: retaliatory headbutt, horns 2
a: Evoke Berserk Rage


You were on level 3 of the Dungeon.
You were not hungry.

You visited 1 branch of the dungeon, and saw 3 of its levels.

You collected 98 gold pieces.

Inventory:

Hand Weapons
 a - a +0 falchion (weapon)
Armour
 b - a +0 robe
 h - a -2 leather armour
 m - a cursed +0 ring mail (worn)
Jewellery
 d - a ring of protection from fire (left hand)
 e - an amulet of rage (around neck)
 k - an uncursed amulet of guardian spirit {unknown}
 l - a ring of protection from magic (right hand)
Wands
 f - a wand of random effects (17)
Scrolls
 g - a scroll of remove curse
 i - a scroll of fear
 j - a scroll of identify
Comestibles
 c - 7 rations


   Skills:
 - Level 3.6 Fighting
 + Level 6.5 Long Blades
 - Level 3.2 Dodging
 - Level 1.5 Stealth


You had 3 spell levels left.
You didn't know any spells.
Your spell library was empty.

Dungeon Overview and Level Annotations

Branches:
Dungeon (3/15)

Altars:
Qazlal


Innate Abilities, Weirdness & Mutations

You reflexively headbutt those who attack you in melee.
You have a pair of horns on your head.


Message History

The leopard gecko barely misses you. You furiously retaliate!
You headbutt the leopard gecko!
You kill the leopard gecko!
The gnoll falls through a shaft!
The shaft crumbles and collapses.
The gnoll throws a stone.
The stone barely misses you.
The gnoll throws a stone.
The stone barely misses you.
The gnoll throws a stone.
The stone hits you.
* * * LOW HITPOINT WARNING * * *
You see here a stone.
The gnoll throws a stone.
The stone hits you.
* * * LOW HITPOINT WARNING * * *
You see here a stone.
The gnoll throws a stone.
The stone barely misses you.
You see here a stone.
You start resting.
The gnoll is too close now for your liking.
The gnoll throws a stone.
The stone hits you but does no damage.
You see here a stone.
The gnoll hits you with a +0 whip!
You die...

###....((≈.....#
#.###≈g.#≈§§.##
#.###^..###^...
#.≈#≈≈.^#≈^.##
#..≈.^..^^^..#
...##..(#####.####
## #(.###........
#(## #...........#
#
##(####@##.#####..#
#.#....(g.# .# #..#
.####.#..####.##.#
#>. #.......)#
#.##.# #..
######.##
#.##>#####.# #.#
#........#.# #.#
#........#.######
#.#
#..(......#.(...#
#####.#
#........#.####.#


You could see a gnoll.

Vanquished Creatures
  A gnoll (D:3)
  4 adders
  An ooze (D:1)
  A worm (D:2)
  A dart slug (D:1)
  2 leopard geckos (D:3)
  2 giant cockroaches
  10 goblins
  6 hobgoblins
  2 kobolds
  3 ball pythons
  8 bats
  3 frilled lizards
  9 rats
53 creatures vanquished.

Notes
Turn   | Place    | Note
-------+----------+-------------------------------------------
     0 | D:1      | Curus the Minotaur Monk began the quest for the Orb.
     0 | D:1      | Reached XP level 1. HP: 19/19 MP: 0/0
    36 | D:1      | Reached skill level 4 in Long Blades
   107 | D:1      | Reached XP level 2. HP: 14/26 MP: 1/1
   503 | D:1      | Reached skill level 5 in Long Blades
   503 | D:1      | Reached XP level 3. HP: 18/31 MP: 2/2
  1211 | D:2      | Reached skill level 6 in Long Blades
  1211 | D:2      | Reached XP level 4. HP: 35/39 MP: 3/3
  1508 | D:3      | Found a stormy altar of Qazlal.
  1548 | D:3      | Slain by a gnoll

Levels and vault maps discovered:
D:1:      minmay_arrival_cross, layout_basic, minmay_misc_feat_cross
D:2:      layout_basic
D:3:      layout_loops_ring, grunt_qazlal_sundering, lemuel_doored_altar,
          first_ration

Skill      XL: |  1  2  3 |
---------------+----------+-----
Long Blades    | 4 5 6 |  6.5
Fighting       | |  3.6
Dodging        | |  3.2
Stealth        | |  1.5

Action                   |  1- 3 |  4- 6 || total
-------------------------+-------+-------++-------
Melee: Falchion          |    78 |    26 ||   104
       Headbutt          |    19 |     2 ||    21
  Use: Scroll            |     5 |     2 ||     7
       Potion            |     2 |       ||     2
 Stab: Sleeping          |     3 |     1 ||     4
  Eat: Chunk             |     1 |     1 ||     2
Armor: Robe              |     8 |       ||     8
       Leather armour    |     1 |     2 ||     3
       Ring mail         |       |     4 ||     4
Dodge: Dodged            |    51 |    32 ||    83
       Rpst.: Falchion   |    15 |     6 ||    21
